 Dungeon Sprint DCSS version 0.20-a0-633-gff4aa5c (webtiles) character file.

9312 Kidiri the Eclecticist (level 11, -3/67 HPs)
             Began as a Deep Elf Fire Elementalist on Feb 11, 2017.
             Was the Champion of Vehumet.
             Slain by Rupert
             ... wielding a +3 battleaxe of flaming
              (33 damage)
             ... in the Dungeon (Sprint III: "The Ten Rune Challenge").
             The game lasted 00:31:23 (3311 turns).

Kidiri the Eclecticist (Deep Elf Fire Elementalist) Turns: 3311, Time: 00:31:24

Health: -3/67      AC:  4    Str:  5    XL:     11   Next: 21%
Magic:  3/32       EV: 19    Int: 24    God:    Vehumet [******]
Gold:   15         SH:  0    Dex: 15    Spells: 4/40 levels left

rFire    . . .     SeeInvis .   j - +0 dagger
rCold    + + .     Gourm    .   b - +2 robe {rC+}
rNeg     . . .     Faith    .   (no shield)
rPois    +         Spirit   .   (no helmet)
rElec    .         Reflect  .   (no cloak)
rCorr    .         Harm     .   (no gloves)
MR       +....     NoTele   +   (no boots)
Stlth    ++........             (no amulet)
Regen    0.3/turn               (no ring)
                                (no ring)

@: very slightly contaminated
A: claws 1, cold resistance 1, poison resistance, subdued magic 1
a: Renounce Religion


You were in the Dungeon.
You worshipped Vehumet.
Vehumet was exalted by your worship.
You were hungry.

You visited 1 branch You collected 15 gold pieces.

Inventory:

Hand Weapons
 j - a +0 dagger (weapon)
Armour
 b - a +2 robe of cold resistance (worn)
Wands
 t - a wand of random effects (37/48)
Scrolls
 l - a scroll of holy word
 m - a scroll of remove curse
 p - a scroll of immolation
Potions
 d - a potion of curing
 e - 3 potions of heal wounds
 g - 2 potions of magic
 h - a potion of berserk rage
 o - 2 potions of flight
 s - a potion of brilliance
Comestibles
 a - 25 royal jellies
 c - a bread ration
 i - 3 chunks of flesh
 q - a meat ration


   Skills:
 + Level 7.2 Fighting
 + Level 7.5 Short Blades
 + Level 7.4 Armour
 + Level 10.5 Dodging
 + Level 10.0 Stealth
 * Level 15.3 Spellcasting
 + Level 9.6 Conjurations
 + Level 10.1 Fire Magic
 + Level 7.0 Ice Magic
 + Level 7.3 Air Magic
 + Level 8.4 Poison Magic


You had 4 spell levels left.
You knew the following spells:

 Your Spells              Type           Power        Failure   Level  Hunger
a - Flame Tongue          Conj/Fire      #####        1%          1    None
b - Throw Flame           Conj/Fire      ######       1%          2    None
c - Conjure Flame         Conj/Fire      ######..     1%          3    None
d - Inner Flame           Hex/Fire       ####....     1%          3    None
e - Sticky Flame          Conj/Fire      ######..     1%          4    None
f - Fireball              Conj/Fire      ######....   1%          5    ##.....
g - Mephitic Cloud        Conj/Pois/Air  #####...     1%          3    None
h - Freeze                Ice            ####         1%          1    None
i - Sting                 Conj/Pois      ####         1%          1    None
j - Olgreb's Toxic Radia  Pois           #####...     1%          4    None
k - Ignite Poison         Fire/Tmut/Pois #####...     1%          3    None
l - Freezing Cloud        Conj/Ice/Air   #####.....   4%          6    ####...


Dungeon Overview and Level Annotations

Branches:
Dungeon (1/1)

Altars:
Cheibriados
Dithmenos
Elyvilon
Fedhas
Gozag
Hepliaklqana
Kikubaaqudgha
Makhleb
Nemelex Xobeh
Okawaru
Qazlal
Ru
Sif Muna
Trog
Uskayaw
Vehumet
Xom
Yredelemnul
Zin
The Shining One
Beogh
Jiyva
Lugonu

Annotations:
D exclusion: 2 doors, Rupert


Innate Abilities, Weirdness & Mutations

You have sharp fingernails.
Your flesh is cold resistant. (rC+)
Your system is resistant to poisons. (rPois)
Your spells are a little easier to cast, but a little less powerful.


Message History

Rupert is severely wounded.
Rupert is engulfed in freezing vapours.
Casting: Sting
Confirm with . or Enter, or press ? or * to list all spells.
Aiming: Sting
Press: ? - help, Shift-Dir - straight line, f/p - Rupert
Aim: Rupert, wielding a battleaxe of flaming and wearing a shiny scale mail (freezing vapour, severely wounded)
Okay, then.
Unknown command.
You enter the shallow water.
Moving in this stuff is going to be slow.
Rupert roars madly and goes into a rage!
Rupert goes berserk!
Rupert hits you with a battleaxe of flaming!!
Rupert burns you.
There is an open door, spattered with blood here.
You enter the shallow water.
Moving in this stuff is going to be slow.
Rupert hits you with a battleaxe of flaming!!
You die...

≈≈≈.♣...')⌠........#
≈≈≈≈≈.♣.#...######'#
≈≈≈≈....#.⌠.#__#...#+############
≈≈≈.....#[..#__#...#.)).#.#.#....
≈.......#+###__#...##.#..#.##.###
........#..%#__#...'##.#.#.##.#).
........#___#__+...#.).#..#..##..
▓▓▓▓▓▓▓▓▓▓▓▓▓▓▓▓▓▓▓▓▓▓▓▓▓▓▓▓▓▓▓▓▓
≈≈≈≈≈♣♣.....♣♣♣♣@≈≈........≈≈≈...
§§§≈≈♣♣.≈≈≈≈'♣♣@♣≈≈≈≈≈≈≈≈≈≈≈≈♣♣..
§§≈≈≈≈'.....#.≈♣♣♣♣♣♣♣♣♣♣♣♣♣♣♣♣PP
§§≈≈≈♣♣♣♣♣♣♣#..♣♣ ♣♣♣ ≈..≈≈♣
###'♣♣♣♣♣ ###### ♣♣♣♣.##..##
..@.... ♣...##.##)# #######
♣♣.##.##.##+ ♣..#.##...#


You could see Rupert (berserk).

Vanquished Creatures
  Erolcha (D)
  Urug (D)
  A deep elf mage (D)
  A lindwurm (D)
  2 spiny frogs (D)
  A rime drake (D)
  A komodo dragon (D)
  3 wandering mushrooms (D)
  A queen bee (D)
  2 tyrant leeches (D)
  5 blink frogs (D)
  5 redbacks (D)
  A shadow (D)
  A spatial vortex (D)
  A swamp drake (D)
  A necrophage (D)
  5 two-headed ogres (D)
  A water elemental (D)
  A scorpion (D)
  32 killer bees (D)
  A jelly (D)
  A wizard (D)
  Jessica (D)
  A necromancer (D)
  A kobold demonologist (D)
  3 humans (D)
  An ooze (D)
  2 rats (D)
  A ballistomycete spore (D)
79 creatures vanquished.

Vanquished Creatures (others)
  2 draconian scorchers (D)
  2 hydras (D)
  2 yaktaurs (D)
  6 hellions (D)
  An electric eel (D)
  A plant (D)
14 creatures vanquished.

Grand Total: 93 creatures vanquished

Notes
Turn   | Place    | Note
-------+----------+-------------------------------------------
     0 | D        | Kidiri the Deep Elf Fire Elementalist began the quest for the Orb.
     0 | D        | Reached XP level 1. HP: 10/10 MP: 6/6
    10 | D        | Reached skill level 4 in Spellcasting
    37 | D        | Killed a yaktaur
   101 | D        | Noticed Jessica
   103 | D        | Killed a hellion
   104 | D        | Killed a hellion
   104 | D        | Killed a hellion
   104 | D        | Killed a hellion
   105 | D        | Killed Jessica
   105 | D        | Reached skill level 1 in Fighting
   105 | D        | Reached skill level 1 in Armour
   105 | D        | Reached skill level 5 in Spellcasting
   105 | D        | Reached XP level 2. HP: 16/16 MP: 3/10
   105 | D        | Reached XP level 3. HP: 20/20 MP: 3/11
   113 | D        | Learned a level 2 spell: Throw Flame
   117 | D        | Learned a level 3 spell: Conjure Flame
   121 | D        | Learned a level 3 spell: Inner Flame
   135 | D        | Killed a hellion
   162 | D        | Killed a white draconian scorcher
   191 | D        | Killed a hellion
   212 | D        | Killed a white draconian scorcher
   340 | D        | Reached skill level 6 in Spellcasting
   531 | D        | Noticed a scorpion
   539 | D        | Killed a scorpion
   539 | D        | Reached skill level 7 in Spellcasting
   539 | D        | Reached XP level 4. HP: 17/27 MP: 11/15
   545 | D        | Learned a level 4 spell: Sticky Flame
   662 | D        | Noticed a water elemental
   665 | D        | Killed a water elemental
   665 | D        | Reached skill level 5 in Dodging
   665 | D        | Reached skill level 8 in Spellcasting
   665 | D        | Reached skill level 5 in Fire Magic
   665 | D        | Reached XP level 5. HP: 32/32 MP: 10/17
   677 | D        | Gained mutation: Armour fits poorly on your strangely shaped body. [potion of mutation]
   677 | D        | Gained mutation: You have supernaturally acute eyesight. (SInv) [potion of mutation]
   677 | D        | Gained mutation: Your flesh is cold resistant. (rC+) [potion of mutation]
   677 | D        | Gained mutation: You possess an exceptional clarity of mind. [potion of mutation]
   678 | D        | Lost mutation: Armour fits poorly on your strangely shaped body. [potion of mutation]
   678 | D        | Lost mutation: You have supernaturally acute eyesight. (SInv) [potion of mutation]
   678 | D        | Lost mutation: You possess an exceptional clarity of mind. [potion of mutation]
   678 | D        | Gained mutation: Your spells are a little easier to cast, but a little less powerful. [potion of mutation]
   678 | D        | Gained mutation: You are agile. (Dex +2) [potion of mutation]
   678 | D        | Gained mutation: Your flesh is very cold resistant. (rC++) [potion of mutation]
   678 | D        | Gained mutation: Your movements are slightly less encumbered by armour. (ER -2) [potion of mutation]
   679 | D        | Lost mutation: Your movements are slightly less encumbered by armour. (ER -2) [potion of mutation]
   679 | D        | Lost mutation: Your flesh is very cold resistant. (rC++) [potion of mutation]
   679 | D        | Lost mutation: You are agile. (Dex +2) [potion of mutation]
   679 | D        | Gained mutation: Your system is resistant to poisons. (rPois) [potion of mutation]
   679 | D        | Gained mutation: You have sharp fingernails. [potion of mutation]
   726 | D        | Learned a level 5 spell: Fireball
   726 | D        | Found a radiant altar of Vehumet.
   727 | D        | Found a deep blue altar of Sif Muna.
   727 | D        | Found an ancient bone altar of Kikubaaqudgha.
   754 | D        | Became a worshipper of Vehumet
   798 | D        | Learned a level 3 spell: Mephitic Cloud
   823 | D        | Found a glowing silver altar of Zin.
   824 | D        | Found a glowing golden altar of the Shining One.
   824 | D        | Found a white marble altar of Elyvilon.
   824 | D        | Noticed a deep elf mage
   831 | D        | Killed a deep elf mage
   831 | D        | Reached skill level 10 in Spellcasting
   831 | D        | Reached skill level 5 in Conjurations
   831 | D        | Reached XP level 6. HP: 19/39 MP: 10/21
   831 | D        | Reached XP level 7. HP: 22/44 MP: 10/23
   844 | D        | Killed a yaktaur
   991 | D        | Found a hide-covered altar of Uskayaw.
   991 | D        | Found a roughly hewn altar of Beogh.
   991 | D        | Found an iron altar of Okawaru.
   991 | D        | Found a bloodstained altar of Trog.
   991 | D        | Noticed a human
   992 | D        | Noticed a human
  1002 | D        | Killed a human
  1002 | D        | Reached skill level 5 in Stealth
  1008 | D        | Killed a human
  1008 | D        | Reached * piety under Vehumet
  1008 | D        | Offered knowledge of Freeze by Vehumet.
  1008 | D        | Reached skill level 11 in Spellcasting
  1011 | D        | Learned a level 1 spell: Freeze
  1099 | D        | Found a basalt altar of Yredelemnul.
  1099 | D        | Found a shadowy altar of Dithmenos.
  1099 | D        | Found a sacrificial altar of Ru.
  1105 | D        | Reached XP level 8. HP: 43/48 MP: 16/25
  1157 | D        | Offered knowledge of Sting by Vehumet.
  1157 | D        | Reached ** piety under Vehumet
  1161 | D        | Learned a level 1 spell: Sting
  1183 | D        | Reached skill level 5 in Armour
  1183 | D        | Reached skill level 1 in Ice Magic
  1264 | D        | Found a blossoming altar of Fedhas.
  1264 | D        | Found a stormy altar of Qazlal.
  1265 | D        | Found a snail-covered altar of Cheibriados.
  1265 | D        | Found a burning altar of Makhleb.
  1265 | D        | Found a hazy altar of Hepliaklqana.
  1265 | D        | Found a shimmering altar of Xom.
  1265 | D        | Found an opulent altar of Gozag.
  1265 | D        | Found a sparkling altar of Nemelex Xobeh.
  1265 | D        | Found a corrupted altar of Lugonu.
  1265 | D        | Found a viscous altar of Jiyva.
  1284 | D        | Reached skill level 5 in Fighting
  1445 | D        | Offered knowledge of Dazzling Spray by Vehumet.
  1466 | D        | Reached *** piety under Vehumet
  1466 | D        | Reached skill level 12 in Spellcasting
  1577 | D        | Noticed a two-headed ogre
  1591 | D        | Killed a two-headed ogre
  1591 | D        | Reached skill level 5 in Poison Magic
  1621 | D        | Noticed Erolcha
  1624 | D        | Noticed a two-headed ogre
  1662 | D        | Killed a two-headed ogre
  1662 | D        | Offered knowledge of Olgreb's Toxic Radiance by Vehumet.
  1662 | D        | Reached XP level 9. HP: 28/54 MP: 10/27
  1668 | D        | Learned a level 4 spell: Olgreb's Toxic Radiance
  1853 | D        | Killed Erolcha
  1853 | D        | Reached skill level 5 in Short Blades
  1853 | D        | Reached skill level 13 in Spellcasting
  1853 | D        | Reached skill level 5 in Air Magic
  1855 | D        | Reached **** piety under Vehumet
  1857 | D        | Offered knowledge of Ignite Poison by Vehumet.
  1862 | D        | Learned a level 3 spell: Ignite Poison
  1986 | D        | Noticed a queen bee
  1989 | D        | Reached ***** piety under Vehumet
  1989 | D        | Offered knowledge of Freezing Cloud by Vehumet.
  1989 | D        | Reached skill level 5 in Ice Magic
  1993 | D        | Reached XP level 10. HP: 60/60 MP: 22/29
  1994 | D        | Reached ****** piety under Vehumet
  2137 | D        | Reached skill level 14 in Spellcasting
  2178 | D        | Learned a level 6 spell: Freezing Cloud
  2184 | D        | Killed a six-headed hydra
  2187 | D        | Offered knowledge of Ozocubu's Refrigeration by Vehumet.
  2311 | D        | Noticed a spiny frog
  2311 | D        | Noticed a spiny frog
  2314 | D        | Killed a spiny frog
  2318 | D        | Killed a spiny frog
  2400 | D        | Killed a four-headed hydra
  2665 | D        | Noticed a lindwurm
  2670 | D        | Killed a lindwurm
  2670 | D        | Reached skill level 10 in Dodging
  2715 | D        | Noticed Urug
  2754 | D        | Killed Urug
  2754 | D        | Reached skill level 15 in Spellcasting
  2754 | D        | Reached XP level 11. HP: 29/67 MP: 17/32
  2961 | D        | Offered knowledge of Spellforged Servitor by Vehumet.
  2963 | D        | Reached skill level 10 in Fire Magic
  3143 | D        | Reached skill level 10 in Stealth
  3261 | D        | Noticed Rupert
  3311 | D        | Slain by Rupert

Vault maps used:
D:        dungeon_sprint_mu

Skill      XL: |  1  2  3  4  5  6  7  8  9 10 11 |
---------------+----------------------------------+-----
Spellcasting   | 5 7 8 10 11 12 13 15 | 15.3
Fighting       | 1 2 3 4 5 6 7 |  7.2
Armour         | 1 2 3 4 5 6 7 |  7.4
Dodging        | 3 4 5 6 7 8 9 10 | 10.5
Conjurations   | 2 3 4 5 6 7 8 9 |  9.6
Fire Magic     | 4 5 6 7 8 9 10 | 10.1
Short Blades   | 3 4 6 7 |  7.5
Stealth        | 4 5 6 8 9 10 | 10.0
Air Magic      | 3 4 5 7 |  7.3
Poison Magic   | 3 4 5 6 8 |  8.4
Ice Magic      | 3 5 6 7 |  7.0

Action                   |  1- 3 |  4- 6 |  7- 9 | 10-12 || total
-------------------------+-------+-------+-------+-------++-------
Melee: Unarmed           |     5 |     1 |       |       ||     6
       Dagger            |       |       |     6 |    11 ||    17
 Cast: Flame Tongue      |    25 |     6 |    54 |    18 ||   103
       Throw Flame       |     2 |       |     3 |     5 ||    10
       Conjure Flame     |     1 |     1 |     7 |     2 ||    11
       Sticky Flame      |       |     3 |     9 |    17 ||    29
       Fireball          |       |       |     2 |       ||     2
       Mephitic Cloud    |       |       |     6 |     4 ||    10
       Sting             |       |       |     1 |     6 ||     7
       Ignite Poison     |       |       |     2 |     4 ||     6
       Olgreb's Toxic Ra |       |       |     2 |       ||     2
       Freezing Cloud    |       |       |       |    10 ||    10
  Use: Scroll            |       |     5 |     1 |       ||     6
       Potion            |       |     3 |       |     1 ||     4
 Stab: Sleeping          |       |     1 |     1 |     3 ||     5
       Confused          |       |       |       |     1 ||     1
  Eat: Chunk             |       |       |     3 |     2 ||     5
       Royal jelly       |       |       |     2 |       ||     2
Armor: Robe              |     2 |       |       |     2 ||     4
Dodge: Dodged            |     7 |     6 |    13 |    35 ||    61
